 Dungeon Crawl Stone Soup version 0.30.0-10-gfe55d96785 (webtiles) character file.

Game seed: 11458454647488919426

77 AlmostDecent the Shooter (level 4, -4/27 HPs)
             Began as a Gargoyle Hunter on May 14, 2023.
             Was an Initiate of Okawaru.
             Killed by divine providence
             ... invoked by an orc priest
              (16 damage)
             ... on level 3 of the Dungeon.
             The game lasted 00:04:39 (1579 turns).

AlmostDecent the Shooter (Gargoyle Hunter)          Turns: 1579, Time: 00:04:39

Health: -4/27      AC:  8    Str: 15    XL:     4   Next: 34%
Magic:  4/4        EV: 16    Int:  9    God:    Okawaru [......]
Gold:   88         SH:  0    Dex: 15    Spells: 3/3 levels left

rFire   + . .        a - +0 shortbow
rCold   . . .        (shield currently unavailable)
rNeg    + . .        c - +0 leather armour
rPois   ∞            e - +1 helmet
rElec   +            (no cloak)
rCorr   .            (no gloves)
SInv    .            (no boots)
Will    .....        (no amulet)
Stlth   ++           f - ring of protection from fire
HPRegen 0.24/turn    n - +5 ring of evasion
MPRegen 0.09/turn

%: no passive effects
@: no status effects
A: sickness immunity, AC +3, negative energy resistance 1, electricity
resistance, torment resistance 1, petrification resistance
a: Renounce Religion


You were on level 3 of the Dungeon.
You worshipped Okawaru.
Okawaru was noncommittal.
You visited 1 branch of the dungeon, and saw 3 of its levels.

You collected 88 gold pieces.

Inventory:

Hand Weapons
 a - a +0 shortbow (weapon)
 i - a +1 whip of electrocution
Armour
 c - a +0 leather armour (worn)
 e - a +1 helmet (worn)
Jewellery
 f - a ring of protection from fire (left hand)
 n - a +5 ring of evasion (right hand)
Scrolls
 b - a scroll of immolation
 h - 2 scrolls of teleportation {unknown}
 j - 3 scrolls of identify {unknown}
 l - 2 scrolls of blinking {unknown}
 o - a scroll of amnesia {unknown}
 q - a scroll of fog {unknown}
 r - a scroll of brand weapon {unknown}
Potions
 d - 3 potions of curing {unknown}
 g - a potion of degeneration {unknown}
 k - 2 potions of flight {unknown}
 m - 2 potions of heal wounds {unknown}
 p - a potion of ambrosia {unknown}
 s - a potion of haste {unknown}


   Skills:
 + Level 2.8 Fighting
 + Level 5.3 Ranged Weapons
 + Level 0.5 Armour
 + Level 1.6 Dodging
 + Level 1.2 Stealth


You had 3 spell levels left.
You didn't know any spells.
Your spell library contained the following spells:

 Spells                   Type           Power      Damage    Failure   Level
 Beastly Appendage        Tmut           0%         N/A       45%         1
 Ensorcelled Hibernation  Hex/Ice        0%         N/A       58%         2
 Static Discharge         Conj/Air       0%         2-2/arc   58%         2
 Wereblood                Tmut           0%         N/A       58%         2
 Spider Form              Tmut/Pois      0%         N/A       83%         3
 Anguish                  Hex/Necr       0%         N/A       99%         4
 Irradiate                Conj/Tmut      0%         3d11      100%        5
 Plasma Beam              Fire/Air       0%         2x1d11    100%        6
 Summon Lightning Spire   Summ/Air       Unusable   N/A       N/A         4
 Summon Forest            Summ/Tloc      Unusable   N/A       N/A         5
 Summon Mana Viper        Hex/Summ       Unusable   N/A       N/A         5
 Summon Cactus Giant      Summ           Unusable   N/A       N/A         6

Dungeon Overview and Level Annotations

Branches:
Dungeon (3/15)

Altars:
Okawaru


Innate Abilities, Weirdness & Mutations

You are immune to sickness and miasma.
Your stone body is resilient. (AC +3)
You are immune to poison.
You resist negative energy. (rN+)
You are resistant to electric shocks. (rElec)
You are resistant to unholy torment.
You are immune to petrification.


Message History

You shoot an arrow. The arrow hits the orc priest.
The orc priest is moderately wounded.
You shoot an arrow. The arrow hits the orc priest.
The orc priest is heavily wounded.
You shoot an arrow. The arrow barely misses the orc.
The arrow barely misses the orc priest.
An orc comes into view. It is wielding a +0 hand axe.
An orc priest comes into view. It is wielding a +0 whip.
An orc priest comes into view. It is wielding a +2 whip of flaming.
The orc misses you.
The orc moves out of view.
You shoot an arrow. The orc priest shouts! x2
The arrow hits the orc priest.
The orc priest is severely wounded.
You hear a shout! x2
The orc priest mumbles some strange prayers to Beogh against you.
Beogh smites you!
You shoot an arrow.
The arrow closely misses the orc priest.
The orc priest closely misses you.
The orc priest calls upon Beogh to heal the orc priest.
The orc priest is healed somewhat.
The orc completely misses you.
You shoot an arrow. The arrow hits the orc priest.
The orc priest is severely wounded.
The orc hits you with a +0 club.
A rat comes into view.
The orc priest misses you.
You shoot an arrow.
The arrow hits the orc priest but does no damage.
The orc priest is severely wounded.
The orc hits you with a +0 club. The orc priest barely misses you.
The orc priest miscasts a cantrip.
The orc closely misses you.
The orc priest hits you but does no damage.
The orc priest casts a cantrip, but nothing happens.
The orc attacks as you move away! The orc barely misses you.
The orc priest invokes the aid of Beogh against you.
Beogh smites you!
Ouch! That really hurt!
You die...

#.#.######.#<.....##...##.#
#
#.#..........#.##.##...##.#
#
#.########.#.#.##.##...##.##
# #.# #.#...##........... .
#.# #.########.########
#.########.########.#
#..........##.......#
#############.##########
........@oo.......
####.......o....##
#.........r..#
#..).....o...#
#........o...#
#..............
#............#.
#...........?#


You could see 3 orc priests, 2 orcs and a rat.

Vanquished Creatures
  2 adders (D:2)
  2 worms
  A dart slug (D:1)
  6 ball pythons
  5 bats
  3 endoplasms
  2 giant cockroaches (D:1)
  8 goblins
  4 hobgoblins
  2 jackals (D:2)
  3 quokkas (D:1)
  2 frilled lizards (D:2)
  3 kobolds
  3 rats
46 creatures vanquished.

Notes
Turn   | Place    | Note
-------+----------+-------------------------------------------
     0 | D:1      | AlmostDecent the Gargoyle Hunter began the quest for the
                  | Orb.
     0 | D:1      | Reached XP level 1. HP: 12/12 MP: 1/1
   175 | D:1      | Reached XP level 2. HP: 17/17 MP: 2/2
   453 | D:1      | Reached XP level 3. HP: 22/22 MP: 3/3
   900 | D:2      | Reached skill level 5 in Ranged Weapons
  1197 | D:2      | Reached XP level 4. HP: 27/27 MP: 4/4
  1241 | D:2      | Got the Secrets of Turbulent Changing
  1367 | D:3      | Found an iron altar of Okawaru.
  1375 | D:3      | Became a worshipper of Warmaster Okawaru
  1579 | D:3      | Killed from afar by an orc priest

Illustrated notes

Levels and vault maps discovered:
D:1:      dpeg_arrival_rhombi, layout_basic
D:2:      layout_basic, minmay_misc_feat_plants, solitary_fountain
D:3:      layout_basic, grunt_temple_overflow_champion_of_chaos,
          kennysheep_okawaru_gauntlet, old_standard_altar, chequers_jeans,
          uniq_ijyb

Skill      XL: |  1  2  3 |
---------------+----------+-----
Ranged Weapons | 5 |  5.3
Fighting       | |  2.8
Armour         | |  0.5
Dodging        | |  1.6
Stealth        | |  1.2

Action                     |  1- 3 |  4- 6 || total
---------------------------+-------+-------++-------
   Fire: Shortbow          |    95 |    48 ||   143
 Armour: Leather armour    |     5 |     5 ||    10
  Dodge: Dodged            |    26 |    12 ||    38
